AoeStats
← 文風

Arena

509889613Analyzed
3v3 RM · 3d ago on Sep 28, 2026· 43m 43s· 6 players
Game mode
Random Map
Map size
Normal (6 player)
Population
200
Speed
Normal
Resources
Standard
Victory
Conquest
Starting age
Dark Age
Ending age
Imperial Age
RankedLock teamsTeams togetherTeam positionsShared explorationLock speedFull tech treeHidden civsTurbo modeCheats
Victory
Defeat
🇭🇰 Britons · Hong Kong SAR China
1492
+14
🇭🇰 Tatars · Hong Kong SAR China
1474
+14
🇭🇰 Hindustanis · Hong Kong SAR China
1435
+16
🇹🇼 Italians · Taiwan
1445
-15
🇹🇼 Goths · Taiwan
1435
-15
🇹🇼 Khmer · Taiwan
1433
-14
David
7:21 Loom
10:48 Feudal Age
12:21 Double-Bit Axe
12:24 Horse Collar
15:15 Castle Age
20:35 Imperial Age
18:51 Squires
19:01 Scale Mail Armor
20:03 Forging
20:38 Capped Ram
21:42 Chain Mail Armor
23:22 Iron Casting
25:56 Chemistry
25:58 Blast Furnace
26:13 Wheelbarrow
25:23 Town Watch
27:01 Gold Mining
28:34 Bow Saw
28:28 Heavy Plow
29:03 Padded Archer Armor
28:53 Fletching
29:15 Pikeman
31:29 Bodkin Arrow
33:25 Murder Holes
34:21 Masonry
Ray
0:28 Loom
10:31 Feudal Age
14:41 Castle Age
12:54 Double-Bit Axe
13:28 Horse Collar
15:22 Heavy Plow
24:56 Bow Saw
25:05 Town Watch
27:59 Coinage
34:38 Fortified Wall
36:49 Masonry
chick
11:33 Feudal Age
15:17 Castle Age
13:18 Horse Collar
13:25 Double-Bit Axe
16:14 Bow Saw
16:32 Light Cavalry
19:23 Loom
23:23 Bloodlines
24:53 Bloodlines
27:41 Wheelbarrow
29:01 Hand Cart
31:22 Scale Barding Armor
33:31 Husbandry
37:29 Imperial Age
35:57 Coinage
36:38 Heavy Plow
36:29 Gold Mining
36:29 Stone Mining
37:14 Chain Barding Armor
37:04 Forging
38:00 Cavalier
41:43 Chemistry
42:40 Murder Holes
43:06 Ballistics
43:22 Iron Casting
43:22 Plate Barding Armor
專業送分員
10:16 Feudal Age
14:18 Castle Age
13:14 Double-Bit Axe
14:21 Loom
18:21 Scale Mail Armor
18:44 Bow Saw
28:43 Horse Collar
30:07 Wheelbarrow
30:00 Heavy Plow
31:09 Gold Mining
32:20 Hand Cart
38:35 Imperial Age
38:04 Padded Archer Armor
40:39 Chemistry
40:00 Ballistics
39:52 Squires
39:13 Man-at-Arms
41:01 Chain Mail Armor
40:57 Forging
41:03 Leather Archer Armor
40:35 Long Swordsman
41:35 Two-Handed Swordsman
LinG寶寶
11:19 Feudal Age
12:06 Double-Bit Axe
15:01 Castle Age
13:39 Horse Collar
16:21 Bow Saw
17:35 Wheelbarrow
21:46 Man-at-Arms
22:11 Gambesons
22:27 Squires
24:20 Squires
24:05 Gambesons
24:34 Heavy Plow
25:24 Hand Cart
25:06 Loom
26:01 Fortified Wall
29:29 Imperial Age
27:23 Forging
27:14 Scale Mail Armor
26:56 Long Swordsman
27:22 Gambesons
27:29 Gold Mining
27:31 Stone Mining
29:00 Gold Shaft Mining
29:09 Iron Casting
29:19 Treadmill Crane
29:21 Pikeman
29:38 Two-Handed Swordsman
30:25 Champion
31:47 Chain Mail Armor
32:33 Blast Furnace
33:16 Capped Ram
34:20 Halberdier
35:33 Plate Mail Armor
36:40 Conscription
39:11 Two-Man Saw
41:43 Town Watch
43:19 Ballistics
42:49 Guard Tower
44:00 Chemistry
42:56 Murder Holes
43:12 Masonry
42:48 Arrowslits
44:57 Hoardings
文風
10:25 Feudal Age
11:22 Double-Bit Axe
14:01 Castle Age
12:11 Horse Collar
15:06 Heavy Plow
15:23 Bow Saw
20:40 Heavy Plow
22:40 Fletching
23:47 Wheelbarrow
29:47 Imperial Age
28:23 Bodkin Arrow
28:35 Husbandry
28:46 Bloodlines
29:35 Ballistics
30:31 Heavy Cavalry Archer
40:50 Town Watch
44:09 Bracer
Connection lost

Rejoining the realm…

Still unreachable

The connection could not be restored.

Session expired

The server has moved on; the page needs a fresh start.